[Event "*** Titled Tuesday Blitz"]
[Site "Chess.com"]
[Date "2020.05.19"]
[Round "7"]
[White "vaishali2001"]
[Black "Mitronych"]
[Result "0-1"]
[WhiteElo "2621"]
[BlackElo "2484"]
[TimeControl "180+1"]
[EndTime "13:20:43 PDT"]
[Termination "Mitronych won on time"]

1. e4 c5 2. Nf3 e6 3. d4 cxd4 4. Nxd4 a6 5. Be2 Nf6 6. Nc3 Bb4 7. O-O Bxc3 8. bxc3 Nxe4 9. Bf3 Nc5 10. Ba3 d6 11.
Rb1 Qc7 12. Re1 O-O 13. Qd2 Nbd7 14. Qg5 Ne5 15. Qg3 Nxf3+ 16. Nxf3 Bd7 17. Red1 Ne4 18. Bxd6 Nxg3 19. Bxc7 Ne2+ 20. Kf1 Nxc3 21. Rxd7 Nxb1 22. c4 Rac8 23. Ne5 Na3 24. Bd6 Nxc4 25. Nxc4 Rxc4 26. Bxf8 Kxf8 27. Rxb7 Rc1+ 28. Ke2 Rc2+ 29. Ke3 Rxa2 30. g4 g5 31. h3 Kg7 32. Kf3 Kf6 33. Kg3 h6 34. f3 a5 35. h4 a4 36. hxg5+ hxg5 37. Ra7 Ra1 38. f4 Ra3+ 39. Kf2 gxf4 40. Ra5 Kg6 41. Kg2 f6 42. Kf2 e5 43. Ra8 Kg5 44. Rg8+ Kh4 45. Kg2 Rg3+ 46. Kh2 a3 47. Rh8+ Kxg4 48.
Ra8 Rb3 49. Rg8+ Kf3 50. Ra8 Rb2+ 51. Kh3 a2 52. Ra3+ Ke4 53. Kg4 Rg2+ 54. Kh3 f3 55.
Ra4+ Kf5 56. Ra5 Kf4 57. Ra4+ e4 58. Ra5 f5 59. Ra4 Rb2 60. Ra6 f2 0-1

[Event "*** Titled Tuesday Blitz"]
[Site "Chess.com"]
[Date "2020.05.19"]
[Round "7"]
[White "DDTerziev04"]
[Black "Treacherous_horse64"]
[Result "1-0"]
[WhiteElo "2265"]
[BlackElo "2384"]
[TimeControl "180+1"]
[EndTime "13:20:43 PDT"]
[Termination "DDTerziev04 won on time"]

1. e4 c6 2. Nf3 d5 3. d3 Nd7 4.
Nc3 b5 5. exd5 b4 6. Ne2 cxd5 7. g3 e6 8. Bg2 Ngf6 9. O-O Bd6 10. Ned4 a6 11.
Re1 O-O 12. Bg5 Qc7 13. Rc1 Bb7 14. c3 bxc3 15. Rxc3 Qb6 16. Rb3 Qa7 17. Be3 Bc5 18. Nc2 Bc6 19. Bxc5 Qxc5 20. Rc3 Qb6 21. Ncd4 Bb7 22.
Qd2 Rfc8 23. Rec1 Rxc3 24. Rxc3 Rc8 25. Rxc8+ Bxc8 26. Qc3 Bb7 27. a3 h6 28. b4 Nb8 29.
Nb3 Nc6 30. Ne5 Nxe5 31. Qxe5 Qxf2+ 32. Kxf2 Ng4+ 33. Ke2 Nxe5 34. Nc5 Bc8 35. Bf1 Nc6 36.
Ke3 d4+ 37. Kd2 Kf8 38. Bg2 Na7 39. a4 Ke7 40. Kc2 f5 41. Kb3 Kd6 42. Kc4 e5 43. b5 axb5+ 44. axb5 Bd7 45. Nxd7 Kxd7 46. b6 Nc6 47. b7 Nb8 48. Kd5 e4 49. Kxd4 1-0

[Event "*** Titled Tuesday Blitz"]
[Site "Chess.com"]
[Date "2020.05.19"]
[Round "7"]
[White "Maksimus1998"]
[Black "GothamChess"]
[Result "1-0"]
[WhiteElo "2452"]
[BlackElo "2596"]
[TimeControl "180+1"]
[EndTime "13:20:44 PDT"]
[Termination "Maksimus1998 won on time"]

1. c4 b6 2. d4 Bb7 3. Nc3 e6 4. Nf3 Bb4 5. Bd2 f5 6. g3 Nf6 7. Bg2 O-O 8. O-O Bxc3 9. Bxc3 Ne4 10. Be1 Qc8 11. d5 Na6 12. dxe6 dxe6 13. Qc2 c5 14. Bc3 Nb4 15. Bxb4 cxb4 16. Rad1 Nc5 17. Rd4 Qc7 18. Rfd1 a5 19. Ne1 Rac8 20. b3 e5 21. Rd6 e4 22.
Qd2 Bc6 23. Nc2 Nb7 24. Rd4 Rcd8 25. Qe3 Nc5 26. Rxd8 Rxd8 27. Rxd8+ Qxd8 28. Qd4 Qe7 29. Ne3 g6 30. h4 Kf7 31. h5 Qf6 32. hxg6+ hxg6 33. Qd1 Ke7 34. Nd5+ Bxd5 35. Qxd5 Qd6 36. Qg8 Kd7 37.
Qf7+ Kc6 38. Qe8+ Kc7 39. g4 Ne6 40. gxf5 gxf5 41. Qf7+ Kb8 42. Qxf5 1-0

[Event "*** Titled Tuesday Blitz"]
[Site "Chess.com"]
[Date "2020.05.19"]
[Round "7"]
[White "Akhayan"]
[Black "UCantHandleDenker"]
[Result "0-1"]
[WhiteElo "2289"]
[BlackElo "2550"]
[TimeControl "180+1"]
[EndTime "13:20:44 PDT"]
[Termination "UCantHandleDenker won by checkmate"]

1. d4 Nf6 2. Nf3 g6 3. g3 Bg7 4. Bg2 O-O 5. O-O d6 6. c4 Nc6 7. Nc3 e5 8. d5 Ne7 9. e4 Nd7 10. Nd2 f5 11. f3 a5 12. Kh1 f4 13. g4 h5 14. h3 Bf6 15. a3 Rf7 16. Rb1 Rh7 17. Kg1 Nc5 18. Qe2 a4 19. b4 axb3 20. Nxb3 b6 21. Nxc5 bxc5 22. Bd2 hxg4 23. fxg4 Kg7 24.
Rb5 Ba6 25. Rfb1 Qh8 26. Kh2 Bh4 27. Be1 Bxe1 28. Qxe1 g5 29. Rb7 Bxb7 30. Rxb7 Rxa3 31. Rxc7 Kf6 32. Rd7 Ra6 33. Nb5 Qb8 34. Qe2 Rg7 35. Qe1 Ng6 36. Rxg7 Kxg7 37. Qc3 Nh4 38. Bf1 Kf6 39.
Kg1 Ke7 40. Qb3 Qb6 41. Qc3 Ra2 42. Qb3 Qa5 43. Nc3 Nf3+ 44. Kh1 Rh2# 0-1

[Event "*** Titled Tuesday Blitz"]
[Site "Chess.com"]
[Date "2020.05.19"]
[Round "7"]
[White "spectralsoul"]
[Black "AleksanderHnydiuk"]
[Result "1-0"]
[WhiteElo "2848"]
[BlackElo "2576"]
[TimeControl "180+1"]
[EndTime "13:20:45 PDT"]
[Termination "spectralsoul won by resignation"]

1. Nf3 d5 2. g3 Bg4 3. Bg2 Nd7 4. O-O c6 5. d3 e5 6. Qe1 Bd6 7. e4 Ne7 8. Nbd2 O-O 9. d4 Re8 10. dxe5 Nxe5 11. Nxe5 Bxe5 12. c3 h6 13. h3 Bh5 14.
f4 Bc7 15. g4 Bg6 16. e5 f5 17. Nf3 fxg4 18. hxg4 Be4 19. Nh4 Bxg2 20. Kxg2 d4 21. c4 b5 22. b3 bxc4 23. bxc4 Rb8 24. Ba3 Ba5 25. Qe4 Bc3 26. Rac1 Qa5 27. Bxe7 Qxa2+ 28. Rc2 Rb2 29. Rxb2 Qxb2+ 30. Rf2 Qc1 31. Nf5 Rb8 32. Nxh6+ Kh8 33. Nf7+ Kg8 34. Ng5 Qb1 35.
Qxc6 Be1 36. Qd5+ Kh8 37. Re2 d3 38. Re3 d2 39. Rh3+ 1-0

[Event "*** Titled Tuesday Blitz"]
[Site "Chess.com"]
[Date "2020.05.19"]
[Round "7"]
[White "KuzubovYuriy"]
[Black "szachuspl"]
[Result "1-0"]
[WhiteElo "2707"]
[BlackElo "2543"]
[TimeControl "180+1"]
[EndTime "13:20:45 PDT"]
[Termination "KuzubovYuriy won by resignation"]

1. d4 Nf6 2. c4 g6 3. Nc3 Bg7 4. e4 d6 5. Nf3 O-O 6. h3 Na6 7.
Bg5 h6 8. Be3 e5 9. d5 Nc5 10.
Nd2 a5 11. g4 Bd7 12. f3 Nh7 13. h4 f5 14. h5 fxg4 15. hxg6 Ng5 16. fxg4 Qf6 17.
Qe2 Qxg6 18. Bg2 Rf4 19. Rh4 Raf8 20. O-O-O b6 21. Kb1 R4f7 22. Rdh1 Rf4 23. Ka1 a4 24. a3 R4f6 25. Ka2 Qf7 26. Qd1 Qg6 27. Bf1 Nf7 28. Be2 Ng5 29. Qc2 Nf7 30. Nb5 Bxb5 31. cxb5 Ng5 32. Bxc5 dxc5 33. Bc4 Rf2 34. d6+ Kh7 35.
dxc7 Qd6 36. R4h2 Qxc7 37. Qd3 Rxh2 38. Rxh2 Rd8 39. Bd5 Qd6 40. Nc4 Qf6 41. Qc2 Nf3 42.
Rf2 Rf8 43. Qxa4 Qf4 44. Nxb6 Qe3 45. Rf1 Qe2 46. Bc4 Qxe4 47. Bg8+ 1-0

[Event "*** Titled Tuesday Blitz"]
[Site "Chess.com"]
[Date "2020.05.19"]
[Round "7"]
[White "BeanScreen"]
[Black "GM_LOADING"]
[Result "0-1"]
[WhiteElo "2597"]
[BlackElo "2453"]
[TimeControl "180+1"]
[EndTime "13:20:45 PDT"]
[Termination "GM_LOADING won on time"]

1. e4 e5 2. Nf3 Nc6 3. Bc4 Nf6 4. d3 h6 5. Nbd2 d6 6. a4 g6 7. Nf1 Bg7 8. Ne3 O-O 9. h3 a6 10.
Ng4 Nxg4 11. hxg4 Bxg4 12. Bxh6 Bxh6 13. Rxh6 Kg7 14. Qd2 Bxf3 15. gxf3 Nd4 16. O-O-O Qf6 17. Rdh1 Rh8 18. Rxh8 Rxh8 19. Rxh8 Kxh8 20. Qb4 b6 21. Bxa6 Qxf3 22. Kb1 Qd1+ 23. Ka2 Nxc2 24. Qc3 Qa1+ 25.
Kb3 Nd4+ 26. Kb4 c5+ 27. Kc4 Qxa4+ 28. Kd5 Qxa6 29. Qd2 Qb7+ 30. Kxd6 Qc6+ 31. Ke7 Qe6+ 32. Kf8 Qc8+ 33. Kxf7 Qe6+ 34. Kf8 Qf6+ 35. Ke8 Kg7 36. b4 Nc6 0-1

[Event "*** Titled Tuesday Blitz"]
[Site "Chess.com"]
[Date "2020.05.19"]
[Round "7"]
[White "IMJonathanCarlstedt"]
[Black "Vesper2018"]
[Result "0-1"]
[WhiteElo "2449"]
[BlackElo "2278"]
[TimeControl "180+1"]
[EndTime "13:20:45 PDT"]
[Termination "Vesper2018 won by checkmate"]

1. d4 Nf6 2. Bf4 g6 3. e3 Bg7 4. Nf3 O-O 5. Be2 d6 6. h3 Nc6 7.
O-O Nd7 8. Bh2 e5 9. c4 Kh8 10. Nc3 f5 11. Qd2 e4 12. Ne1 Nf6 13. Nc2 g5 14. b4 g4 15. b5 Ne7 16. hxg4 fxg4 17. Bf4 Ng6 18. g3 h5 19. Kg2 h4 20. Rh1 Kg8 21.
Bg5 h3+ 22. Kg1 Qe8 23. Bxf6 Rxf6 24. Nd5 Rf7 25. Qd1 Qe6 26. Nf4 Qf5 27. Rb1 Bd7 28.
d5 Nxf4 29. exf4 e3 30. Nxe3 Qe4 31. Bxg4 Bxg4 32. Qxg4 Qxb1+ 33. Kh2 Qe4 34. Re1 Re8 35. Kxh3 Qd3 36. Rd1 Qh7+ 37. Kg2 Kf8 38. Re1 Rfe7 39. f5 Rf7 40. f4 Rfe7 41. Kf3 Qh6 42. Re2 Qf6 43. Re1 Qc3 44. Qh5 Rxe3+ 45. Rxe3 Qxe3+ 46. Kg4 Qe2+ 47. Kg5 Bf6+ 48. Kg6 Qxh5+ 49. Kxh5 Kg7 50. g4 Rh8# 0-1

[Event "*** Titled Tuesday Blitz"]
[Site "Chess.com"]
[Date "2020.05.19"]
[Round "7"]
[White "Anna_Ko_Rnd"]
[Black "CzechmVIII"]
[Result "0-1"]
[WhiteElo "1648"]
[BlackElo "2202"]
[TimeControl "180+1"]
[EndTime "13:20:45 PDT"]
[Termination "CzechmVIII won by resignation"]

1. e4 c5 2. Nf3 d6 3. d4 cxd4 4. Qxd4 Nc6 5. Bb5 Bd7 6. Bxc6 Bxc6 7. c4 f5 8. exf5 Qa5+ 9. Nbd2 Qxf5 10. O-O e5 11.
Qe3 Nf6 12. Nd4 Qg6 13. Nxc6 bxc6 14. Nf3 Be7 15. c5 Nd5 16. Qe2 O-O 17. cxd6 Bxd6 18. Nxe5 Qe6 19. f4 Rae8 20. Qc4 Bxe5 21. fxe5 Rxf1+ 22. Qxf1 Qxe5 23. Rb1 Rf8 24. Qd1 Qe4 25. Bg5 Ne3 26. Bxe3 Qxe3+ 27. Kh1 Qe4 28. Rc1 h6 29. h3 Rf2 30. Qd8+ Kh7 31. Rg1 Rxb2 32. a3 c5 33. Qc7 c4 34. Qxa7 Rb1 35. Qc5 Rxg1+ 36.
Kxg1 Qd3 37. a4 c3 38. a5 c2 39. a6 Qd1+ 40. Kh2 c1=Q 41. Qf5+ Kg8 42. Qe6+ Kf8 43. Qf5+ Ke8 44. Qg6+ Kd8 45. Qxg7 Qc7+ 46. Qxc7+ Kxc7 47. a7 Kb7 0-1

[Event "*** Titled Tuesday Blitz"]
[Site "Chess.com"]
[Date "2020.05.19"]
[Round "7"]
[White "CaspiIsrael"]
[Black "ajdemipopushi"]
[Result "1-0"]
[WhiteElo "2613"]
[BlackElo "2315"]
[TimeControl "180+1"]
[EndTime "13:20:46 PDT"]
[Termination "CaspiIsrael won on time"]

1. e4 c5 2. Nf3 g6 3. d4 cxd4 4. Nxd4 Bg7 5. Nc3 Nc6 6. Be3 Nf6 7. Bc4 O-O 8. Bb3 Ng4 9. Qxg4 Nxd4 10. Qd1 Nxb3 11.
axb3 d6 12. Bd4 Bxd4 13. Qxd4 a6 14. h4 Be6 15. h5 f6 16. hxg6 hxg6 17. O-O-O Qa5 18.
Kb1 Kg7 19. f4 Qc5 20. Qxc5 dxc5 21. f5 gxf5 22. exf5 Bxf5 23. Rd5 e5 24. g4 Be6 25. Rxc5 Rac8 26. Ne4 Rxc5 27. Nxc5 Bc8 28. Rg1 Kg6 29. Kc1 Rh8 30. Ne4 Bd7 31. Kd2 Rh2+ 32. Kd3 Bb5+ 33. c4 Bc6 34. Nd2 Rh3+ 35. Ke2 Kg5 36. Rf1 Rh2+ 37.
Ke3 Rh3+ 38. Ke2 Bd7 39. Ne4+ Kh4 40. Nxf6 Bxg4+ 41. Kd2 Rxb3 42. Kc2 Rb6 43. Nd5 Rc6 44. Kd3 1-0

[Event "*** Titled Tuesday Blitz"]
[Site "Chess.com"]
[Date "2020.05.19"]
[Round "7"]
[White "Quiet_Desperation"]
[Black "ChadBiryani"]
[Result "0-1"]
[WhiteElo "2082"]
[BlackElo "2303"]
[TimeControl "180+1"]
[EndTime "13:20:46 PDT"]
[Termination "ChadBiryani won by resignation"]

1. e4 e5 2. Nf3 Nc6 3. Bb5 f5 4. Nc3 Nf6 5. O-O d6 6. exf5 Bxf5 7. d4 exd4 8. Nxd4 Bd7 9. Re1+ Be7 10. Bxc6 bxc6 11.
Qe2 Kf7 12. Ne6 Bxe6 13. Qxe6+ Kf8 14. Bg5 Qe8 15. Qc4 Qd7 16. Re2 d5 17. Qh4 Kf7 18.
Rae1 Rae8 19. Qa4 Bc5 20. Bxf6 gxf6 21. Qh4 Qf5 22. h3 Rxe2 23. Rxe2 Re8 24. Rxe8 Kxe8 25.
Na4 Bd6 26. Nc3 Qxc2 27. g3 Qf5 28. Qa4 Kd7 29. Qxa7 Qxh3 30. Qd4 Qf5 31. Ne2 Be5 32. Qh4 Qb1+ 33. Kg2 Qxb2 34. Qxh7+ Kc8 35. Qg8+ Kb7 36. Nf4 Bxf4 37. gxf4 Qxa2 38. Qf7 Qb2 39. Qg6 Qd4 40. Qf5 c5 41. Qe6 c4 42. f5 c3 43. Qd7 Qg4+ 44. Kh2 Qf4+ 45. Kg2 Qg4+ 46. Kh2 Qc4 0-1

[Event "*** Titled Tuesday Blitz"]
[Site "Chess.com"]
[Date "2020.05.19"]
[Round "7"]
[White "Filip_Covic"]
[Black "m-garcett"]
[Result "1-0"]
[WhiteElo "2386"]
[BlackElo "2098"]
[TimeControl "180+1"]
[EndTime "13:20:46 PDT"]
[Termination "Filip_Covic won on time"]

1. d4 Nf6 2. c4 g6 3. Nc3 Bg7 4. e4 d6 5. Nge2 O-O 6. Ng3 Nc6 7. Be2 a6 8. d5 Ne5 9. h4 h5 10. Bg5 c6 11. Qd2 cxd5 12. Nxd5 Nxd5 13. cxd5 Bd7 14. O-O Re8 15. Rac1 Bg4 16. Bxg4 Nxg4 17. Qb4 b5 18. b3 Rc8 19. f3 Qb6+ 20. Kh1 Rxc1 21. Rxc1 Nf2+ 22. Kh2 Nd3 23. Qd2 Nxc1 24. Qxc1 Be5 25. Bf4 Bxf4 26. Qxf4 Rc8 27. Qg5 Kh7 28. Nf5 gxf5 29. Qxf5+ Kg7 30. Qxc8 Qd4 31. Qf5 Qe5+ 32. Qxe5+ dxe5 33. g3 f5 34. exf5 Kf6 35. g4 hxg4 36.
fxg4 e4 37. Kg3 Ke5 38. h5 Kd4 39. Kf2 Kd3 40. Ke1 1-0

[Event "*** Titled Tuesday Blitz"]
[Site "Chess.com"]
[Date "2020.05.19"]
[Round "7"]
[White "Chuchofrio1"]
[Black "Vandros57"]
[Result "0-1"]
[WhiteElo "2238"]
[BlackElo "2106"]
[TimeControl "180+1"]
[EndTime "13:20:47 PDT"]
[Termination "Vandros57 won by resignation"]

1. d4 d5 2. c4 e6 3. Nc3 Nf6 4. cxd5 exd5 5. Bg5 c6 6. e3 Be7 7. Bd3 O-O 8. Qc2 Nbd7 9. Nf3 Re8 10. O-O Nf8 11.
h3 Ne4 12. Bf4 Nxc3 13. bxc3 Bd6 14. Bxd6 Qxd6 15. c4 dxc4 16. Bxc4 Be6 17. Rab1 Rab8 18. Ne5 Bxc4 19. Qxc4 Qe6 20. Rb2 Qxc4 21. Nxc4 b6 22. Rc1 Re6 23. Rbc2 f6 24. Nd2 c5 25. dxc5 bxc5 26.
Rxc5 Ra6 27. R1c2 h6 28. Ne4 Rab6 29. Ng3 Kh7 30. Nf5 Kg6 31. Ne7+ Kf7 32. Nd5 Rb1+ 33. Kh2 R1b2 34. Rc7+ Kg8 35. Ne7+ Kh7 36. Kg3 Ne6 37. Rxb2 Rxb2 38. Rxa7 Ng5 39. f3 h5 40. Nf5 Kg6 41.
Nxg7 h4+ 42. Kf4 Rxg2 43. Ne8 Nxh3+ 44. Ke4 Nf2+ 45. Kd4 h3 46. Ra6 h2 47. Rxf6+ Kh7 48. Rf7+ Kh8 49. Nf6 h1=Q 50. Rh7+ Qxh7 51. Nxh7 Kxh7 52.
f4 Kg6 53. e4 Kf6 54. a4 Ke6 55. f5+ Kf6 56. Kd5 Rg4 57. e5+ Kxf5 58. e6 Rxa4 59. e7 Ra8 60. Kd6 Kf6 61. Kd7 Kf7 0-1

[Event "*** Titled Tuesday Blitz"]
[Site "Chess.com"]
[Date "2020.05.19"]
[Round "7"]
[White "Zhuu96"]
[Black "1stSecond"]
[Result "0-1"]
[WhiteElo "2850"]
[BlackElo "2744"]
[TimeControl "180+1"]
[EndTime "13:20:48 PDT"]
[Termination "1stSecond won by resignation"]

1. d4 Nf6 2. c4 c5 3. Nf3 e6 4. Nc3 cxd4 5. Nxd4 Nc6 6. Ndb5 d6 7. Bf4 e5 8. Bg5 a6 9. Na3 Be6 10. g3 Qb6 11.
Qb3 Qxb3 12. axb3 Nd7 13. Bg2 Nc5 14. Nd5 Bxd5 15. cxd5 Nd4 16. b4 Ncb3 17. Rd1 Rc8 18. Be4 f5 19. Bb1 g6 20. h4 Bg7 21. h5 h6 22. Be3 g5 23. Kf1 O-O 24. Bxd4 Nxd4 25. e3 Nf3 26. Ba2 b5 27. Ke2 e4 28. Rb1 Rc7 29.
Bb3 Rfc8 30. Rhd1 g4 31. Rh1 Be5 32. Rhd1 Kg7 33. Kf1 Kf6 34. Kg2 Kg5 35. Kf1 Kxh5 36.
Ke2 Kg5 37. Ba2 h5 38. Kf1 h4 39. gxh4+ Kxh4 40. Ke2 Kg5 41. Bb3 Rh7 42. Rh1 Rch8 43. Rxh7 Rxh7 44. Bc2 Rh2 45. Rf1 g3 0-1

[Event "*** Titled Tuesday Blitz"]
[Site "Chess.com"]
[Date "2020.05.19"]
[Round "7"]
[White "Aikiigm"]
[Black "A-Fier"]
[Result "1/2-1/2"]
[WhiteElo "2544"]
[BlackElo "2734"]
[TimeControl "180+1"]
[EndTime "13:20:48 PDT"]
[Termination "Game drawn by repetition"]

1. d4 Nf6 2. Nf3 e6 3. a4 c5 4. e3 Nc6 5. c3 d5 6. Bd3 Bd6 7. Nbd2 O-O 8. O-O e5 9. dxe5 Nxe5 10. Nxe5 Bxe5 11. Nf3 Bc7 12. h3 Qd6 13. b4 c4 14. Bc2 Re8 15. b5 Ne4 16. Bxe4 Rxe4 17. Ba3 Qg6 18. Kh1 Bxh3 19. gxh3 Qf5 20. Ng1 Rae8 21. Qf3 Qe5 22. Qg3 Qxg3 23. fxg3 Rxe3 24. Rad1 Rxc3 25. Bc5 b6 26. Bf2 Rd8 27. Ne2 Ra3 28.
Nd4 Bxg3 29. Nc6 Re8 30. Rxd5 Bxf2 31. Rxf2 Rxh3+ 32. Kg2 Rhe3 33. Rd7 f6 34. Rxa7 c3 35. Rc7 h5 36. Nd4 R3e7 37. Rxc3 Re4 38. Nf5 Rxa4 39. Rg3 g5 40. Rc3 Ra7 41. Rc6 Rf8 42. Rxb6 Kh7 43. Rc6 Kg6 44. b6 Rb7 45. Nd6 Rd7 46.
b7 Rb8 47. Rb6 h4 48. Rc2 g4 49. Rc8 Rbxb7 50. Nxb7 Rd2+ 51. Kf1 h3 52. Rg8+ Kf5 53.
Nd6+ Kf4 54. Rb4+ Kf3 55. Rb3+ Kf4 56. Rb4+ Kf3 57. Rb3+ Kf4 58. Ke1 Rg2 59. Rb4+ Kf3 60. Rb3+ Kf4 61. Rb4+ Kf3 62. Rb3+ Kf4 1/2-1/2

[Event "*** Titled Tuesday Blitz"]
[Site "Chess.com"]
[Date "2020.05.19"]
[Round "7"]
[White "lelya96"]
[Black "aa175"]
[Result "0-1"]
[WhiteElo "2255"]
[BlackElo "2424"]
[TimeControl "180+1"]
[EndTime "13:20:48 PDT"]
[Termination "aa175 won by checkmate"]

1. e4 c5 2. Nf3 d6 3. c3 Nf6 4.
Bd3 Nc6 5. O-O Bg4 6. h3 Bxf3 7. Qxf3 g6 8. Bc2 Bg7 9. Rd1 Nd7 10. d3 O-O 11.
Nd2 Re8 12. g4 Nf8 13. Qg2 e5 14. Nc4 Ne6 15. a4 a6 16. Be3 Rb8 17. a5 Nf4 18. Bxf4 exf4 19. Qf3 g5 20. Ba4 Qc7 21. Nb6 Re5 22.
Nd5 Rxd5 23. exd5 Ne5 24. Qe4 Qxa5 25. d4 Nc4 26. Bc2 Qb6 27. Qxh7+ Kf8 28. b3 Nb2 29. Rab1 Nxd1 30. Rxd1 cxd4 31. c4 Re8 32. Qf5 Re5 33. Qc8+ Re8 34. Qd7 Re2 35. Qc8+ Ke7 36. Bd3 f3 37. Qf5 Qxb3 38. Qxg5+ Bf6 39. Qc1 Bh4 40. Bxe2 fxe2 41. Re1 Qf3 42. Qd2 Bxf2+ 43. Kh2 Qg3+ 44. Kh1 Qxh3# 0-1

[Event "*** Titled Tuesday Blitz"]
[Site "Chess.com"]
[Date "2020.05.19"]
[Round "7"]
[White "hongnhung1234"]
[Black "PauloFanha"]
[Result "1-0"]
[WhiteElo "2195"]
[BlackElo "1955"]
[TimeControl "180+1"]
[EndTime "13:20:48 PDT"]
[Termination "hongnhung1234 won on time"]

1. e4 d5 2. exd5 Qxd5 3. Nc3 Qd6 4. d4 Nf6 5. Nf3 c6 6. Bd3 Bg4 7. Be3 e6 8. O-O Qc7 9. h3 Bh5 10. Bg5 Nbd7 11. Ne4 Be7 12. Ng3 Bg6 13. Qd2 Bxd3 14.
Qxd3 O-O-O 15. Rfe1 h6 16. Be3 g5 17. c4 Kb8 18.
Qd2 Nc5 19. b4 Nce4 20. Nxe4 Nxe4 21. Qc2 f5 22. Ne5 Bxb4 23. Red1 Bd6 24. Nd3 Rhg8 25. c5 Bf4 26. Qb3 Bxe3 27. fxe3 f4 28. Ne5 Nf6 29.
Qxe6 Nd5 30. Rab1 Rge8 31. Nxc6+ Ka8 32. Nxd8 Rxe6 33. Nxe6 Qe7 34. c6 bxc6 35. Nc5 Qxe3+ 36. Kh1 Qg3 37. Rb3 Ne3 38. Rg1 1-0

[Event "*** Titled Tuesday Blitz"]
[Site "Chess.com"]
[Date "2020.05.19"]
[Round "7"]
[White "Patolindo"]
[Black "pedro_nascimento85"]
[Result "1-0"]
[WhiteElo "2114"]
[BlackElo "1724"]
[TimeControl "180+1"]
[EndTime "13:20:48 PDT"]
[Termination "Patolindo won on time"]

1. d4 d5 2. c4 e6 3. Nf3 Nf6 4. g3 Be7 5. Bg2 O-O 6. Nbd2 b6 7. cxd5 exd5 8. O-O Be6 9. Ne5 c5 10. Ndf3 Qc7 11.
Bf4 Qb7 12. Ng5 Bf5 13. Re1 h6 14. Ngf3 Nbd7 15. Rc1 c4 16. Nxd7 Qxd7 17. Ne5 Qe8 18. b3 b5 19. Qd2 Kh7 20. h3 a5 21.
Red1 Ba3 22. Ra1 Nd7 23. Bxd5 Rd8 24. g4 Bg6 25. Bc6 Qe6 26. d5 Qe7 27. Bxd7 Rxd7 28. bxc4 Rdd8 29. Nc6 Qf6 30. Nxd8 Rxd8 31. Qxa5 b4 32.
Be5 Qh4 33. Bg3 Qxh3 34. Qxd8 Be4 35. f3 b3 36. Qc7 Bc5+ 37. Qxc5 1-0

[Event "*** Titled Tuesday Blitz"]
[Site "Chess.com"]
[Date "2020.05.19"]
[Round "7"]
[White "kleopl"]
[Black "Zq1"]
[Result "1-0"]
[WhiteElo "2382"]
[BlackElo "2505"]
[TimeControl "180+1"]
[EndTime "13:20:49 PDT"]
[Termination "kleopl won by resignation"]

1. c4 g6 2. Nc3 Bg7 3. g3 c5 4. Nf3 Nc6 5. Bg2 Nf6 6. O-O d6 7. e3 O-O 8. d4 cxd4 9. Nxd4 Bd7 10. b3 a6 11. Bb2 Rb8 12. Qd2 Nxd4 13. Qxd4 Bc6 14.
Bxc6 bxc6 15. Na4 Qa5 16. Bc3 Qf5 17. Rfd1 Qh3 18. f3 h5 19. Qd2 h4 20. Qg2 Qxg2+ 21. Kxg2 hxg3 22. hxg3 Nd7 23. Bxg7 Kxg7 24. e4 f5 25. exf5 gxf5 26. Re1 Kf7 27. Rh1 Rh8 28. Rae1 c5 29. Nc3 Ne5 30. Nd5 Ng6 31. Rxh8 Rxh8 32. Rh1 Rxh1 33. Kxh1 Ne5 34. Kg2 Nd3 35. Nc3 Kf6 36.
Kf1 Ke5 37. Ke2 Kd4 38. Kd2 Nb4 39. Ne2+ Ke5 40. Nc3 e6 41. Ke3 d5 42. cxd5 exd5 43. Kd2 d4 44. Na4 Kd6 45. a3 Nd5 46. Nb2 Nb6 47.
g4 fxg4 48. fxg4 Ke5 49. Nd3+ Kd5 50. g5 Nd7 51. g6 Ke6 52. b4 c4 53. Nc5+ 1-0

[Event "*** Titled Tuesday Blitz"]
[Site "Chess.com"]
[Date "2020.05.19"]
[Round "7"]
[White "Karacsonyi_Gellert"]
[Black "Pavel_Mir"]
[Result "1-0"]
[WhiteElo "2460"]
[BlackElo "2198"]
[TimeControl "180+1"]
[EndTime "13:20:49 PDT"]
[Termination "Karacsonyi_Gellert won by resignation"]

1. e4 e5 2. Nf3 Nc6 3. Bb5 a6 4. Bxc6 dxc6 5. O-O f6 6. d4 exd4 7. Nxd4 c5 8. Nb3 Qxd1 9. Rxd1 Bd7 10. Bf4 O-O-O 11.
Nc3 Re8 12. Nd5 Bd6 13. Bxd6 cxd6 14. Nb6+ Kc7 15. Nxd7 Kxd7 16. Nxc5+ Kc6 17. Nb3 Rxe4 18. Nd4+ Kc7 19. Nf5 Ne7 20. Nxd6 Re2 21. Nc4 Rxc2 22. Rac1 Rxc1 23. Rxc1 Nc6 24. Kf1 Re8 25. f3 Re6 26. Kf2 b5 27. Ne3 Kb7 28. Rd1 Re7 29. a3 Ne5 30. b4 Rc7 31. f4 Nc4 32. Nxc4 Rxc4 33. Rd7+ Rc7 34. Rd8 Rc2+ 35. Kf3 Rc3+ 36. Ke4 Rxa3 37.
Rd7+ Kc6 38. Rxg7 Rb3 39. Rxh7 Rxb4+ 40. Kf5 a5 41. g4 a4 42. Ra7 Kb6 43. Ra8 Kb7 44.
Ra5 Kb6 45. Ra8 Kb7 46. Rd8 a3 47. Rd1 a2 48. Ra1 Ra4 49. g5 b4 50. g6 b3 51. g7 Ra8 52. Kxf6 b2 53. Rxa2 Rxa2 54. g8=Q b1=Q 55. Qd5+ Ka6 56. Qa8+ Kb5 57. Qb7+ Ka4 58.
Qxb1 Rb2 59. Qxb2 1-0

[Event "*** Titled Tuesday Blitz"]
[Site "Chess.com"]
[Date "2020.05.19"]
[Round "7"]
[White "Godzillator"]
[Black "Stronger1799"]
[Result "0-1"]
[WhiteElo "2435"]
[BlackElo "2331"]
[TimeControl "180+1"]
[EndTime "13:20:49 PDT"]
[Termination "Stronger1799 won on time"]

1. d4 Nf6 2. c4 g6 3. Nc3 d5 4.
Nf3 Bg7 5. h4 h5 6. cxd5 Nxd5 7.
Qb3 Nb6 8. e4 O-O 9. Be3 Bg4 10.
Ng5 Bxd4 11. Bxd4 Qxd4 12. a4 Nc6 13. a5 Rad8 14. Qc2 Nb4 15. Qc1 Nc4 16. f3 Ne3 17.
Ra4 Nec2+ 18. Ke2 Bd7 19. Rxb4 Nxb4 20. Qe3 c5 21. g3 Nc2 22. Qxd4 Nxd4+ 23. Kf2 e6 24. Bc4 Kg7 25. e5 b5 26. axb6 axb6 27.
Nce4 Bc6 28. Nd6 Bd5 29. Bxd5 exd5 30. f4 f6 31. exf6+ Rxf6 32. Nb7 Rd7 33. Re1 Rxb7 34. Re8 Rd7 35. Rb8 Nf5 36. g4 hxg4 37. h5 gxh5 38. Rc8 Nh6 39. Rc6 Rxf4+ 0-1

[Event "*** Titled Tuesday Blitz"]
[Site "Chess.com"]
[Date "2020.05.19"]
[Round "7"]
[White "IIIlllII1llIl"]
[Black "Alopekos"]
[Result "0-1"]
[WhiteElo "2624"]
[BlackElo "2490"]
[TimeControl "180+1"]
[EndTime "13:20:50 PDT"]
[Termination "Alopekos won on time"]

1. e4 e5 2. Nf3 Nc6 3. Bb5 a6 4. Ba4 Nf6 5. O-O b5 6. Bb3 Bc5 7. d3 d6 8. c3 O-O 9. h3 Bb6 10. Re1 Ne7 11. Nbd2 Ng6 12. Nf1 Re8 13. Ng3 Bb7 14.
a4 d5 15. Qc2 c5 16. exd5 Bxd5 17. Bxd5 Qxd5 18. Ne4 Nh5 19. c4 Qd7 20. a5 Ba7 21.
cxb5 axb5 22. Nxc5 Qd5 23. Ne4 Rac8 24. Nc3 Qd7 25.
Qb3 Nhf4 26. Bxf4 Nxf4 27. Rad1 Nxh3+ 28. gxh3 Qxh3 29. Nxe5 Qg3+ 30. Kh1 Qh3+ 31. Kg1 Rxe5 32. Rxe5 Qg3+ 33. Kh1 Qxe5 34. Qd5 Qf6 35. Ne4 Qh6+ 36. Kg2 Qg6+ 37. Kf3 h6 38. Rh1 Re8 39. Rh5 Bb8 40.
Rf5 Kh7 41. a6 Re6 0-1

[Event "*** Titled Tuesday Blitz"]
[Site "Chess.com"]
[Date "2020.05.19"]
[Round "7"]
[White "Bossche-CM"]
[Black "Borsuk_Konstantin"]
[Result "0-1"]
[WhiteElo "2468"]
[BlackElo "2639"]
[TimeControl "180+1"]
[EndTime "13:20:50 PDT"]
[Termination "Borsuk_Konstantin won by resignation"]

1. e4 e6 2. d4 d5 3. exd5 exd5 4. Nf3 Bd6 5. Bd3 Qe7+ 6. Qe2 Qxe2+ 7. Kxe2 f6 8. Re1 Ne7 9. Nc3 c6 10. Kf1 Kf7 11. Ne2 g5 12. Ng3 h5 13. Bxg5 fxg5 14. Nxg5+ Kf6 15. Nh7+ Rxh7 16. Bxh7 h4 17. Ne2 Bxh2 18. Ng1 Bxg1 19. Kxg1 Bg4 20. Re3 Nd7 21. Rae1 Ng6 22. Bxg6 Kxg6 23. Re7 Bf5 24. c3 Rf8 25. Re8 Rf6 26. R1e7 b5 27. Rg8+ Kh6 28. g3 hxg3 29. fxg3 Rg6 30. Rh8+ Kg5 31. Kf2 Nf6 32. Re5 Ng4+ 33.
Kf3 Nxe5+ 34. dxe5 Be4+ 35. Ke3 c5 36. Rh7 Kf5 37.
Rxa7 Rxg3+ 38. Kd2 Kxe5 39. b3 Rg2+ 40. Kd1 d4 41.
Re7+ Kf4 42. Rf7+ Ke3 43. Rf1 dxc3 0-1